 Dungeon Crawl Stone Soup version 0.27.0-1-g7a089689b8 (webtiles) character file.

Game seed: 17392361733734866485

44 ENSilLosco the Skirmisher (level 3, -1/33 HPs)
             Began as a Hill Orc Fighter on Aug 7, 2021.
             Succumbed to an adder's poison
             ... on level 1 of the Dungeon.
             The game lasted 00:06:33 (1319 turns).

ENSilLosco the Skirmisher (Hill Orc Fighter)        Turns: 1319, Time: 00:06:33

Health: -1/33      AC:  8    Str: 19    XL:     3   Next: 60%
Magic:  3/3        EV:  7    Int:  8    God:
Gold:   11         SH:  9    Dex: 10    Spells: 2/2 levels left

rFire    . . .     SeeInvis .   a - +0 war axe
rCold    . . .     Faith    .   c - +0 kite shield
rNeg     + . .     Spirit   .   b - +0 scale mail
rPois    .         Reflect  .   (no helmet)
rElec    .         Harm     .   (no cloak)
rCorr    .         Rampage  .   (no gloves)
Will     .....                  i - +0 pair of boots
Stlth    ..........             (no amulet)
HPRegen  0.11/turn              n - ring of positive energy
MPRegen  0.08/turn              (no ring)

@: lethally poisoned (-1 -> -5)
A: no striking features
a: no special abilities


You were on level 1 of the Dungeon.
You visited 1 branch of the dungeon, and saw 2 of its levels.

You collected 11 gold pieces.

Inventory:

Hand Weapons
 a - a +0 war axe (weapon)
Armour
 b - a +0 scale mail (worn)
 c - a +0 kite shield (worn)
 f - a +0 ring mail
 g - a +0 scale mail
 i - a +0 pair of boots (worn)
Jewellery
 n - a ring of positive energy (left hand)
Scrolls
 h - a scroll of teleportation {unknown}
 j - 3 scrolls of enchant weapon {unknown}
 l - 2 scrolls of identify {unknown}
 m - a scroll of torment {unknown}
Potions
 d - a potion of might
 e - a potion of curing {unknown}
 k - a potion of attraction {unknown}


   Skills:
 + Level 4.2 Fighting
 * Level 3.7 Axes
 + Level 3.6 Armour
 * Level 0.7 Dodging
 - Level 3.2 Shields


You had 2 spell levels left.
You didn't know any spells.
Your spell library was empty.

Dungeon Overview and Level Annotations

Branches:
Dungeon (2/15)

Altars:

Annotations:
D:1 Terence


Message History

Terence hits you with a +0 short sword. The adder bites you but does no damage.
Terence hits you but does no damage.
You closely miss Terence.
Terence is moderately wounded.
You hit the adder.
You feel sick.
You are no longer poisoned.
The adder barely misses you. Terence hits you but does no damage.
You block the adder's attack.
You hit Terence.
Terence is heavily wounded.
You closely miss the adder. The adder bites you.
You are poisoned.
The adder poisons you! Terence hits you but does no damage.
The adder bites you.
You are lethally poisoned!
The adder poisons you! Terence hits you with a +0 short sword.
You are too injured to fight recklessly!
You barely miss Terence.
Terence is heavily wounded.
Your shield and scale mail prevent you from hitting the adder.
* * * LOW HITPOINT WARNING * * *
You feel very sick. The adder bites you but does no damage.
Terence hits you but does no damage. The adder bites you but does no damage.
* * * LOW HITPOINT WARNING * * *
You feel very sick. Terence hits you with a +0 short sword.
* * * LOW HITPOINT WARNING * * *
There is a stone staircase leading up here.
* * * LOW HITPOINT WARNING * * *
You feel sick. The adder barely misses you. You block Terence's attack.
The adder bites you but does no damage.
You climb upwards.
* * * LOW HITPOINT WARNING * * *
You feel sick.
There is a stone staircase leading down here.
You hit Terence.
Terence is severely wounded.
You miss the adder.
You die...

#....(..####......##
#...... #.................#
#...... ##...............##
#...... ###.............###
####.## ..###....<....###.#
#.# ### #####8#######.# #.#
### #.##.############.#
#########..........>......#
####
#.........@@.##########.###
...# #.########.S.# #.####
.#.###.# #...# #..†..
^#..##.########...# ######
_##.##.##.........#
###.##.##.#####..##
..............#..#
.##.##.##.###....#
.##.##.##.#####.##


You could see Terence and an adder.

Vanquished Creatures
  2 dart slugs (D:1)
  2 bats (D:1)
  An endoplasm (D:1)
  A giant cockroach (D:1)
  A goblin (D:1)
  4 hobgoblins (D:1)
  10 jackals (D:1)
  4 kobolds (D:1)
  A quokka (D:1)
  A ball python (D:1)
  A frilled lizard (D:1)
  6 rats
34 creatures vanquished.

Notes
Turn   | Place    | Note
-------+----------+-------------------------------------------
     0 | D:1      | ENSilLosco the Hill Orc Fighter began the quest for the
                  | Orb.
     0 | D:1      | Reached XP level 1. HP: 19/19 MP: 1/1
   269 | D:1      | Reached XP level 2. HP: 26/27 MP: 2/2
   616 | D:1      | Reached skill level 4 in Fighting
   771 | D:1      | Reached XP level 3. HP: 33/33 MP: 3/3
  1253 | D:1      | Found a faded altar of an unknown god.
  1307 | D:2      | Noticed Terence
  1318 | D:1      | HP: 1/33 [poisoned by an adder]
  1319 | D:1      | Succumbed to an adder's poison

Illustrated notes

Levels and vault maps discovered:
D:1:      heliophobic_arrival_dark_side_of_the_moon, layout_loops_ring,
          hellmonk_ecumenical_altar_leap_of_faith, minmay_tetromino_s4
D:2:      layout_rooms, uniq_terence

Skill      XL: |  1  2 |
---------------+-------+-----
Axes           | 3 |  3.7
Fighting       | 4 |  4.2
Armour         | |  3.6
Dodging        | |  0.7
Shields        | |  3.2

Action                   || total
-------------------------++-------
Melee: War axe           ||   101
Armor: Scale mail        ||    59
Dodge: Dodged            ||    32
Block: Kite shield       ||    52
